Map: Givre EC

Players

Worming - Winner!

  • Race: Zerg Zerg
  • League: Diamond

tazer

  • Race: Zerg Zerg
  • League: Diamond

VOD

Have the link to the VOD?

Description

Time

  • Played on: June 30, 2016, 12:58 p.m.
  • Length: 8:47
Show
View Real Time Build Order
Export as new Build Order

Worming Zerg - Winner!

Build Orders: Hatch First 

Get SALT Encoding   

  12  0:01  Drone  
  13  0:13  Overlord  
  13  0:17  Drone  
  14  0:31  Drone x2  
  14  0:34  Drone  
  17  0:53  Hatchery  
  17  0:57  Drone  
  17  1:02  Drone  
  17  1:03  Extractor  
  17  1:16  Spawning Pool  
  17  1:17  Drone  
  17  1:21  Drone  
  18  1:30  Drone  
  19  1:43  Drone  
  20  1:52  Overlord  
  20  2:03  Queen  
  20  2:05  Metabolic Boost  
  20  2:06  Queen  
  20  2:08  Zergling x2  
  25  2:11  Zergling x2  
  26  2:19  Drone x2  
  28  2:26  Drone  
  29  2:32  Drone  
  30  2:42  Drone x2  
  30  2:43  Overlord  
  32  2:51  Drone  
  32  2:58  Overlord  
  31  3:31  Drone x9  
  40  3:41  Evolution Chamber  
  39  3:42  Evolution Chamber  
  39  3:45  Queen  
  40  3:49  Drone x3  
  40  3:50  Drone x2  
  40  3:53  Hatchery  
  44  4:01  Lair  
  44  4:05  Extractor  
  44  4:06  Extractor  
  42  4:10  Zerg Missile Weapons Level 1  
  42  4:15  Zerg Ground Armor Level 1  
  42  4:19  Roach Warren  
  42  4:20  Drone x3  
  42  4:21  Drone  
  42  4:22  Drone  
  46  4:36  Overlord  
  46  4:38  Drone x6  
  52  4:51  Overlord  
  52  5:01  Glial Reconstitution  
  52  5:03  Roach x4  
  52  5:04  Overlord x2  
  52  5:05  Overlord  
  60  5:11  Drone x2  
  62  5:18  Roach, Hydralisk Den  
  62  5:19  Roach x2  
  66  5:36  Roach x3  
  66  5:37  Roach x5  
  82  5:43  Spine Crawler  
  80  5:56  Roach  
  88  5:57  Roach x3  
  88  6:03  Roach x4  
  82  6:15  Drone x7  
  82  6:17  Queen  
  90  6:23  Muscular Augments  
  90  6:24  Overlord  
  90  6:25  Zergling x2  
  91  6:29  Zergling x6  
  94  6:40  Spine Crawler  
  93  6:48  Zergling x12  
  99  7:03  Spore Crawler  
  99  7:05  Spore Crawler  
  99  7:06  Spore Crawler  
  99  7:07  Spore Crawler  
  93  7:08  Spore Crawler  
  93  7:09  Spore Crawler x2  
  72  7:30  Queen x2, Hydralisk  
  72  7:31  Hydralisk x3  
  72  7:32  Zergling x4  
  72  7:36  Extractor  
  65  7:48  Pneumatized Carapace  
  65  8:04  Roach, Hydralisk x2  
  65  8:05  Zergling x12, Roach x2  
  76  8:06  Zergling x2  
  76  8:07  Spore Crawler  
  81  8:20  Hydralisk x2  
  81  8:21  Roach  
  81  8:24  Drone  
Show
View Real Time Build Order
Export as new Build Order

tazer Zerg 

Build Orders: Hatch First 

Get SALT Encoding   

  12  0:01  Drone  
  13  0:08  Drone  
  14  0:16  Overlord  
  14  0:20  Extractor  
  13  0:23  Extractor  
  13  0:26  Drone  
  13  0:32  Drone  
  16  0:40  Drone  
  17  0:57  Hatchery  
  16  1:05  Drone, Extractor  
  16  1:15  Spawning Pool  
  15  1:19  Drone  
  15  1:22  Drone  
  17  1:30  Drone  
  17  1:31  Drone  
  19  1:41  Drone  
  20  1:53  Overlord  
  20  2:03  Queen  
  20  2:07  Metabolic Boost  
  22  2:11  Queen  
  22  2:15  Zergling x2  
  25  2:18  Zergling x2  
  25  2:22  Zergling x2  
  27  2:30  Spine Crawler  
  26  2:37  Baneling Nest  
  26  2:43  Drone  
  26  2:48  Drone x2  
  28  2:52  Drone  
  28  2:57  Drone  
  28  2:58  Drone  
  31  3:04  Drone x2  
  33  3:10  Overlord  
  31  3:30  Drone x2  
  31  3:31  Drone x3  
  35  3:36  Lair  
  35  3:39  Baneling, Extractor  
  35  3:40  Drone x3  
  37  3:43  Drone  
  37  3:48  Drone, Extractor  
  38  3:49  Extractor  
  38  3:53  Drone x2  
  39  3:59  Zergling x2  
  40  4:04  Zergling x6  
  40  4:07  Overlord  
  43  4:20  Overlord x2  
  43  4:22  Baneling  
  43  4:24  Baneling  
  43  4:29  Drone  
  43  4:30  Drone x3  
  47  4:35  Spire  
  47  4:38  Drone x2  
  47  4:42  Baneling x2  
  47  4:45  Drone x2  
  50  4:48  Drone  
  50  4:52  Zergling x4  
  53  4:53  Zergling x2  
  53  4:55  Zergling x2  
  53  4:58  Zergling x2  
  56  5:04  Zergling x2  
  57  5:09  Zergling x2  
  57  5:10  Zergling x2  
  59  5:18  Zergling x2  
  59  5:19  Zergling x10  
  65  5:33  Baneling  
  65  5:34  Baneling x2  
  58  6:02  Zergling x18  
  55  6:28  Mutalisk x2  
  55  6:29  Mutalisk x3  
  55  6:31  Overlord  
  61  6:41  Overlord x2  
  61  6:46  Extractor  
  61  6:54  Hatchery  
  61  6:55  Mutalisk  
  61  6:56  Mutalisk x5  
  50  7:08  Mutalisk  
  50  7:09  Mutalisk x2  
  54  7:23  Mutalisk  
  39  7:46  Spire  
  38  7:55  Drone x2  
  38  7:56  Drone x3  
  44  8:05  Drone  
  44  8:06  Hatchery  
  43  8:15  Drone  
  42  8:33  Drone  
  42  8:34  Drone  
Tags
 
Add a new tag
Caveats
  • Supply blocks, unpowered buildings, or Contaminate may cause inaccurate times.
  • Supply counts are checked every 10 seconds.